[ AOE2 MATCH · #504871587 ]
UnrankedEthiopians vs Incas
Rival team · LOSS
[ REPLAY ANALYSIS · EXTRACTED FROM THE RECORDED GAME ]
Feudal
9:25
Castle
—
Imperial
—
| APM avg | 53.5 |
| APM peak | 80 |
| eAPM avg | 20.2 |
| Villagers / military | 44 / 21 |
Focus
⚔️ 35.3% · 🌾 64.7%
Archer ×12 · Militia ×3 · Spearman ×3 · Scout Cavalry ×3
Feudal
13:05
Castle
—
Imperial
—
| APM avg | 44.9 |
| APM peak | 68 |
| eAPM avg | 17.0 |
| Villagers / military | 37 / 8 |
Focus
⚔️ 31.5% · 🌾 68.5%
Unknown (2550) ×12 · Skirmisher ×8
Match map
Initial resources + every placement click. Lines = walls · curves = elevation contours. ◆ gold · ⬟ stone · ● berries · ✦ relic · ◌ wall gap
Your base· Open — unwalled flank
j_r-91's base· Open — unwalled flank
Smoothed initial terrain · ◌ = detected wall gap · hover for details
Inputs per minute
— Alexander the conqueror - - j_r-91
Build order — Alexander the conqueror
113 actions detected in the replay
| 0:02 | Create | Villager (Male) |
| 0:02 | Create | Villager (Male) |
| 0:02 | Create | Villager (Male) |
| 0:02 | Create | Villager (Male) |
| 0:03 | Build | House |
| 0:05 | Build | House |
| 1:13 | Create | Villager (Male) |
| 1:13 | Create | Villager (Male) |
| 1:51 | Create | Villager (Male) |
| 1:51 | Create | Villager (Male) |
| 1:52 | Build | Lumber Camp |
| 2:12 | Create | Villager (Male) |
| 2:13 | Create | Villager (Male) |
| 2:37 | Create | Villager (Male) |
| 2:37 | Create | Villager (Male) |
| 3:03 | Create | Villager (Male) |
| 3:33 | Create | Villager (Male) |
| 3:33 | Create | Villager (Male) |
| 3:52 | Build | House |
| 3:55 | Create | Villager (Male) |
| 4:16 | Build | Mill |
| 4:21 | Create | Villager (Male) |
| 4:25 | Build | House |
| 4:54 | Create | Villager (Male) |
| 5:13 | Create | Villager (Male) |
| 5:50 | Create | Villager (Male) |
| 6:13 | Create | Villager (Male) |
| 6:16 | Research | Loom |
| 6:29 | Build | Barracks |
| 7:15 | Research | Feudal Age |
| 7:38 | Build | Lumber Camp |
| 8:03 | Create | Villager (Male) |
| 8:31 | Create | Militia |
| 8:32 | Create | Militia |
| 8:54 | Create | Villager (Male) |
| 9:25 | Create | Villager (Male) |
| 9:25 | Age | Feudal Age |
| 9:42 | Build | Archery Range |
| 9:59 | Create | Villager (Male) |
| 10:12 | Create | Militia |
| 10:23 | Research | Double-Bit Axe |
| 10:25 | Build | Mining Camp |
| 10:31 | Create | Villager (Male) |
| 10:54 | Build | House |
| 10:55 | Build | Blacksmith |
| 10:56 | Create | Villager (Male) |
| 11:30 | Build | Mill |
| 11:33 | Create | Archer |
| 11:33 | Create | Archer |
| 11:36 | Create | Archer |
| 11:37 | Create | Villager (Male) |
| 11:43 | Build | Palisade Wall |
| 11:54 | Build | House |
| 11:56 | Build | Palisade Wall |
| 12:00 | Create | Spearman |
| 12:05 | Create | Archer |
| 12:16 | Create | Spearman |
| 12:17 | Create | Archer |
| 12:29 | Build | House |
| 12:30 | Create | Villager (Male) |
| 12:34 | Create | Spearman |
| 12:41 | Build | Farm |
| 12:41 | Build | Farm |
| 12:41 | Build | Farm |
| 12:48 | Create | Villager (Male) |
| 12:59 | Build | Farm |
| 13:05 | Build | Farm |
| 13:10 | Create | Villager (Male) |
| 13:24 | Create | Archer |
| 13:29 | Build | Farm |
| 13:30 | Create | Archer |
| 13:32 | Create | Villager (Male) |
| 13:45 | Research | Fletching |
| 13:48 | Create | Archer |
| 13:52 | Build | Farm |
| 13:55 | Create | Villager (Male) |
| 13:55 | Create | Villager (Male) |
| 13:59 | Build | House |
| 14:18 | Create | Archer |
| 14:22 | Create | Villager (Male) |
| 14:22 | Create | Villager (Male) |
| 14:54 | Create | Villager (Male) |
| 15:04 | Build | House |
| 15:04 | Build | Palisade Wall |
| 15:15 | Create | Villager (Male) |
| 15:18 | Build | Stable |
| 15:22 | Create | Villager (Male) |
| 15:25 | Build | House |
| 15:26 | Build | Palisade Wall |
| 15:30 | Research | Town Watch |
| 15:34 | Build | Outpost |
| 15:41 | Create | Villager (Male) |
| 15:44 | Build | Farm |
| 15:47 | Build | Farm |
| 15:48 | Build | Farm |
| 16:00 | Create | Villager (Male) |
| 16:15 | Create | Villager (Male) |
| 16:16 | Build | Farm |
| 16:20 | Build | House |
| 16:22 | Build | Palisade Wall |
| 16:26 | Create | Scout Cavalry |
| 16:38 | Create | Archer |
| 16:38 | Create | Archer |
| 17:04 | Create | Archer |
| 17:06 | Create | Villager (Male) |
| 17:24 | Build | Farm |
| 17:26 | Build | Farm |
| 17:28 | Create | Scout Cavalry |
| 17:34 | Build | Farm |
| 17:36 | Build | Farm |
| 17:46 | Create | Scout Cavalry |
| 17:59 | Create | Villager (Male) |
| 18:03 | Build | Farm |
Build order — j_r-91
90 actions detected in the replay
| 0:00 | Create | Villager (Male) |
| 0:00 | Create | Villager (Male) |
| 0:01 | Create | Villager (Male) |
| 0:01 | Create | Villager (Male) |
| 0:02 | Build | House |
| 0:02 | Build | House |
| 1:25 | Create | Villager (Male) |
| 1:46 | Build | Settlement |
| 1:58 | Create | Villager (Male) |
| 1:58 | Create | Villager (Male) |
| 2:15 | Create | Villager (Male) |
| 2:15 | Create | Villager (Male) |
| 2:51 | Create | Villager (Male) |
| 3:09 | Create | Villager (Male) |
| 3:45 | Create | Villager (Male) |
| 3:45 | Create | Villager (Male) |
| 4:04 | Create | Villager (Male) |
| 4:37 | Create | Villager (Male) |
| 4:37 | Create | Villager (Male) |
| 4:38 | Create | Villager (Male) |
| 5:12 | Create | Villager (Male) |
| 5:22 | Build | Barracks |
| 5:55 | Create | Villager (Male) |
| 5:55 | Create | Villager (Male) |
| 5:55 | Create | Villager (Male) |
| 5:55 | Create | Villager (Male) |
| 6:18 | Build | Settlement |
| 6:32 | Create | Unit 2550 |
| 6:32 | Create | Unit 2550 |
| 6:32 | Create | Unit 2550 |
| 7:05 | Create | Villager (Male) |
| 7:22 | Create | Villager (Male) |
| 7:58 | Create | Villager (Male) |
| 7:59 | Create | Unit 2550 |
| 8:00 | Create | Unit 2550 |
| 8:29 | Create | Villager (Male) |
| 8:30 | Create | Unit 2550 |
| 8:50 | Create | Villager (Male) |
| 8:55 | Build | Settlement |
| 9:22 | Create | Villager (Male) |
| 9:26 | Create | Villager (Male) |
| 10:00 | Create | Villager (Male) |
| 10:03 | Build | Farm |
| 10:19 | Build | Farm |
| 10:55 | Research | Feudal Age |
| 10:57 | Research | Loom |
| 10:59 | Build | Farm |
| 11:08 | Create | Unit 2550 |
| 11:09 | Create | Unit 2550 |
| 11:25 | Create | Unit 2550 |
| 11:29 | Build | Palisade Wall |
| 11:31 | Build | Palisade Wall |
| 11:51 | Create | Unit 2550 |
| 12:03 | Create | Unit 2550 |
| 13:05 | Age | Feudal Age |
| 13:08 | Build | Archery Range |
| 13:10 | Research | Tech 1402 |
| 13:11 | Create | Villager (Male) |
| 13:20 | Build | Palisade Wall |
| 13:36 | Build | Palisade Wall |
| 13:38 | Build | Palisade Wall |
| 13:44 | Create | Unit 2550 |
| 13:58 | Build | Archery Range |
| 14:02 | Build | Farm |
| 14:05 | Build | Farm |
| 14:54 | Create | Skirmisher |
| 14:54 | Create | Skirmisher |
| 15:03 | Create | Skirmisher |
| 15:07 | Build | Palisade Wall |
| 15:11 | Build | Farm |
| 15:11 | Create | Villager (Male) |
| 15:24 | Build | Farm |
| 15:29 | Create | Villager (Male) |
| 15:34 | Create | Skirmisher |
| 15:44 | Build | House |
| 15:51 | Build | House |
| 16:03 | Build | Blacksmith |
| 16:20 | Create | Villager (Male) |
| 16:22 | Create | Skirmisher |
| 16:22 | Create | Skirmisher |
| 16:35 | Build | Farm |
| 16:39 | Build | Palisade Wall |
| 16:43 | Build | Palisade Wall |
| 16:50 | Create | Villager (Male) |
| 16:50 | Create | Skirmisher |
| 16:55 | Research | Fletching |
| 16:56 | Research | Padded Archer Armor |
| 17:04 | Create | Villager (Male) |
| 17:31 | Create | Villager (Male) |
| 17:34 | Create | Skirmisher |
Match timeline
| 5:22 | j_r-91 · first_building Barracks |
| 6:29 | Alexander the conqueror · first_building Barracks |
| 9:25 | Alexander the conqueror · age_up feudal |
| 9:42 | Alexander the conqueror · first_building Archery Range |
| 11:29 | j_r-91 · wall_segment Palisade Wall x1 |
| 11:31 | j_r-91 · wall_segment Palisade Wall x1 |
| 11:43 | Alexander the conqueror · wall_segment Palisade Wall x6 |
| 11:56 | Alexander the conqueror · wall_segment Palisade Wall x5 |
| 13:05 | j_r-91 · age_up feudal |
| 13:08 | j_r-91 · first_building Archery Range |
| 13:20 | j_r-91 · wall_segment Palisade Wall x10 |
| 13:36 | j_r-91 · wall_segment Palisade Wall x1 |
| 13:38 | j_r-91 · wall_segment Palisade Wall x1 |
| 15:04 | Alexander the conqueror · wall_segment Palisade Wall x7 |
| 15:07 | j_r-91 · wall_segment Palisade Wall x1 |
| 15:18 | Alexander the conqueror · first_building Stable |
| 15:26 | Alexander the conqueror · wall_segment Palisade Wall x7 |
| 16:22 | Alexander the conqueror · wall_segment Palisade Wall x11 |
| 16:39 | j_r-91 · wall_segment Palisade Wall x1 |
| 16:43 | j_r-91 · wall_segment Palisade Wall x1 |
| 18:05 | j_r-91 · resign |
[ AI ANALYSIS · 1 CREDIT ]
What really happened in this match?
Wolo.gg analyzes every decision: build order, eco, micro, common mistakes by bracket. Personalized analysis on WhatsApp or Discord in 30 seconds.
Civ guide
Ethiopians
Perfil
Alexander the conqueror